 Dungeon Crawl Stone Soup version 0.18.1-47-g9310371 (webtiles) character file.

30 Captinkiss the Grave Robber (level 3, 0/24 HPs)
             Began as a Demonspawn Necromancer on June 16, 2016.
             Shot with a stone by a goblin (4 damage)
             ... led by Robin
             ... on level 2 of the Dungeon.
             The game lasted 00:03:29 (850 turns).

Captinkiss the Grave Robber (Demonspawn Necromancer) Turns: 850, Time: 00:03:30

Health: 0/24       AC:  3    Str:  9    XL:     3   Next: 3%
Magic:  1/6        EV: 12    Int: 16    God:
Gold:   63         SH:  0    Dex: 13    Spells: 2 memorised, 4 levels left

rFire  . . .     SeeInvis .     j - +2 spear (pierce)
rCold  + . .     Gourm    .     a - +0 robe
rNeg   . . .     Faith    .     (no shield)
rPois  .         Spirit   .     f - +0 helmet
rElec  .         Dismiss  .     (no cloak)
rCorr  .         Reflect  .     (no gloves)
SustAt .         Harm     .     (no boots)
MR     .....                    (no amulet)
Stlth  +++.......               (no ring)
                                (no ring)

@: not resistant to hostile enchantments, fairly stealthy
A: cold resistance 1, nightstalker 1
a: no special abilities


You were on level 2 of the Dungeon.
You were not hungry.

You visited 1 branch of the dungeon, and saw 2 of its levels.

You collected 63 gold pieces.

Inventory:

Hand Weapons
 j - a +2 spear of piercing (weapon)
Missiles
 e - 6 javelins (quivered)
Armour
 a - a +0 robe (worn)
 f - a +0 helmet (worn)
Scrolls
 m - a scroll of amnesia {unknown}
Potions
 d - a potion of curing {unknown}
 g - a potion of brilliance {unknown}
 h - a potion of might {unknown}
 k - 2 potions of resistance {unknown}
 l - 2 potions of flight {unknown}
Books
 b - a book of Necromancy

   Spells                             Type                      Level
   a - Pain                           Necromancy                   1
   b - Animate Skeleton               Necromancy                   1
   c - Vampiric Draining              Necromancy                   3
   d - Regeneration                   Charms/Necromancy            3
   e - Animate Dead                   Necromancy                   4
   f - Control Undead                 Necromancy                   4
Comestibles
 c - 2 bread rations
 i - 5 chunks of flesh


   Skills:
 + Level 0.2 Fighting
 + Level 1.8 Dodging
 + Level 1.7 Stealth
 + Level 2.2 Spellcasting
 + Level 5.2 Necromancy


You had 4 spell levels left.
You knew the following spells:

 Your Spells              Type           Power        Failure   Level  Hunger
a - Pain                  Necr           ###.         2%          1    #......
b - Animate Skeleton      Necr           N/A          2%          1    #......


Dungeon Overview and Level Annotations

Branches:
Dungeon (2/15)

Altars:
Okawaru
Ru

Annotations:
D:2 Robin


Innate Abilities, Weirdness & Mutations

Your flesh is cold resistant.
You are slightly more attuned to the shadows.


Message History

Confirm with . or Enter, or press ? or * to list all spells.
Aiming: Pain
Press: ? - help, Shift-Dir - straight line, f - hobgoblin
Aim: a hobgoblin, wielding a club (chance to defeat MR: 94%)
The hobgoblin convulses in agony!
You kill the hobgoblin!
The goblin wields a hunting sling.
The goblin shoots a stone.
The stone barely misses you.
The hobgoblin no longer looks unusually strong.
You see here a stone.
The goblin shoots a stone.
The stone closely misses you.
The goblin shoots a stone.
The stone hits you but does no damage.
You see here a stone.
You see here a stone.
The goblin shoots a stone.
The stone hits you.
* * * LOW HITPOINT WARNING * * *
Some of the chunks of flesh in your inventory have rotted away.
You see here a stone.
The goblin shoots a stone.
The stone hits you.
You die...

##########
>.#......#
#.....##Z##########
#..#.#............#
.......#.########.#
..#.#.#..# #####.##
##.......# #..<@(.#
#.#.#.#.# #.###..#
##......# # #(.#
#...#### ##(.#
###.# # #(g.# ##'##
#. #.#.# ##...##
#.##g#g# ##.....##
#......#
##.......##
###.)### .#


You could see a hobgoblin and a goblin.

Vanquished Creatures
  2 dart slugs (D:1)
  A giant gecko (D:1)
  2 bats (D:1)
  A giant cockroach (D:2)
  4 goblins
  5 hobgoblins
  2 kobolds (D:1)
  A giant newt (D:2)
18 creatures vanquished.

Vanquished Creatures (collateral kills)
  A worm (D:2)
1 creature vanquished.

Grand Total: 19 creatures vanquished

Notes
Turn   | Place    | Note
--------------------------------------------------------------
     0 | D:1      | Captinkiss the Demonspawn Necromancer began the quest for the Orb.
     0 | D:1      | Reached XP level 1. HP: 13/13 MP: 3/3
   214 | D:1      | Gained mutation: You are slightly more attuned to the shadows. [demonic ancestry]
   214 | D:1      | Reached XP level 2. HP: 9/19 MP: 0/5
   373 | D:1      | Learned a level 1 spell: Animate Skeleton
   586 | D:1      | Reached skill level 5 in Necromancy
   633 | D:2      | Found a sacrificial altar of Ru.
   775 | D:2      | Found an iron altar of Okawaru.
   821 | D:2      | Noticed Robin
   835 | D:2      | Gained mutation: Your flesh is cold resistant. [demonic ancestry]
   835 | D:2      | Reached XP level 3. HP: 9/24 MP: 0/6
   850 | D:2      | Shot with a stone by a goblin

Skill      XL: |  1  2 |
---------------+-------+-----
Necromancy     | 5 |  5.2
Fighting       | |  0.2
Dodging        | |  1.8
Stealth        | |  1.7
Spellcasting   | |  2.2

Action                   || total
-------------------------++-------
Melee: Spear             ||    13
       Unarmed           ||     1
 Cast: Pain              ||    28
       Animate Skeleton  ||     4
Armor: Robe              ||     5
Dodge: Dodged            ||     8
